 Dungeon Crawl Stone Soup version 0.27.1-33-g824d729ab1 (webtiles) character file.

Game seed: 9750117791213031457

2436 dohliylev the Cleaver (level 9, 0/85 HPs)
             Began as a Minotaur Berserker on Dec 28, 2021.
             Was an Elder of Trog.
             Slain by a troll (8 damage)
             ... on level 5 of the Dungeon.
             The game lasted 00:15:53 (5397 turns).

dohliylev the Cleaver (Minotaur Berserker)          Turns: 5397, Time: 00:15:54

Health: 0/85       AC: 17    Str: 25    XL:     9   Next: 25%
Magic:  0/8        EV:  9    Int:  4    God:    Trog [****..]
Gold:   423        SH:  4    Dex: 10    Spells: 8/8 levels left

rFire    . . .     SeeInvis +   a - +0 hand axe (venom)
rCold    + . .     Faith    .   l - +0 buckler
rNeg     . . .     Spirit   +   n - +4 chain mail
rPois    .         Reflect  .   (helmet restricted)
rElec    .         Harm     .   C - +1 cloak
rCorr    .         Rampage  .   A - +0 pair of gloves
Will     ++...                  g - +0 pair of boots
Stlth    ..........             k - amulet of guardian spirit
HPRegen  1.24/turn              m - ring of protection from cold
MPRegen  0.11/turn              r - ring of see invisible

@: strong-willed, on berserk cooldown, regenerating, slowed, very slow
A: horns 2, retaliatory headbutt
a: Renounce Religion, Berserk, Trog's Hand, Brothers in Arms


You were on level 5 of the Dungeon.
You worshipped Trog.
Trog was greatly pleased with you.
You visited 2 branches of the dungeon, and saw 8 of its levels.
You also visited: Sewer.

You collected 423 gold pieces.

Inventory:

Hand Weapons
 a - a +0 hand axe of venom (weapon)
Armour
 g - a +0 pair of boots (worn)
 j - a +0 kite shield
 l - a +0 buckler (worn)
 n - a +4 chain mail (worn)
 A - a +0 pair of gloves (worn)
 C - a +1 cloak (worn)
Jewellery
 k - an amulet of guardian spirit (around neck)
 m - a ring of protection from cold (left hand)
 r - a ring of see invisible (right hand)
Wands
 z - a wand of acid (11)
 D - a wand of charming (1)
Scrolls
 d - a scroll of noise {unknown}
 e - 3 scrolls of brand weapon
 f - a scroll of silence {unknown}
 i - a scroll of blinking
 o - 2 scrolls of enchant armour {unknown}
 p - 2 scrolls of enchant weapon {unknown}
 q - 2 scrolls of fog {unknown}
 t - 3 scrolls of identify
 v - 2 scrolls of vulnerability {unknown}
 x - a scroll of holy word {unknown}
 y - a scroll of teleportation
Potions
 b - 2 potions of flight
 c - a potion of resistance {unknown}
 h - 2 potions of attraction {unknown}
 s - 4 potions of haste {unknown}
 u - 2 potions of magic {unknown}
 w - 2 potions of might {unknown}
 B - a potion of curing {unknown}
 E - a potion of berserk rage {unknown}
 F - a potion of lignification {unknown}


   Skills:
 * Level 10.0 Fighting
 + Level 10.7 Axes
 - Level 2.4 Armour
 + Level 4.2 Dodging
 + Level 3.6 Shields


You had 8 spell levels left.
You didn't know any spells.
Your spell library was empty.

Dungeon Overview and Level Annotations

Branches:
Dungeon (7/15)             Temple (1/1) D:5           Sewer (visited)

Altars:
Nemelex Xobeh
Zin

Shops:
D:1 *?[(


Innate Abilities, Weirdness & Mutations

You have a pair of horns on your head.
You reflexively headbutt those who attack you in melee.


Message History

The ogre hits you but does no damage.
Your Fighting skill increases to level 10!
Okay, then.
You feel less confused. The troll bites you but does no damage.
The troll barely misses you. The troll claws you.
There is a stone staircase leading up here.
You see here a +0 spear.
The ogre misses you. The troll barely misses you. You furiously retaliate!
You headbutt the troll. The troll closely misses you.
The troll claws you but does no damage. The troll bites you.
The troll completely misses you. The troll claws you.
The ogre completely misses you.
You climb upwards.
There is a stone staircase leading down here.
The troll bites you but does no damage. You block the troll's attack.
The troll claws you.
The ogre hits you with a +0 giant spiked club!
There is a stone staircase leading up here.
The troll closely misses you. The troll claws you but does no damage.
The troll barely misses you. The ogre barely misses you.
You climb upwards.
There is a stone staircase leading down here.
Your skin crawls.
You feel strong-willed.
The ogre looks more healthy.
The troll closely misses you. You furiously retaliate!
You headbutt the troll! The troll claws you.
* * * LOW HITPOINT WARNING * * *
The troll claws you but does no damage.
The ogre hits you with a +0 giant spiked club!!
* * * LOW HITPOINT WARNING * * *
The troll barely misses you. You furiously retaliate!
You headbutt the troll, but do no damage.
The troll claws you.
* * * LOW HITPOINT WARNING * * *
You block the troll's attack.
You hit the troll.
The troll is poisoned.
The troll is heavily wounded.
You hit the ogre.
The ogre is poisoned.
The troll bites you!
You die...

#..##..#### #...##......#..#....
..........# ##..#######...##....
...###.#### #.)# #..##..#.#
....##.# #..# #.##..##.#
..####.########..# #....##...
#....#...........# ##.......>.
####.#..#######..######.....##...
#.#..#........O.......##..##.#
####...........T@...####..##..#.#
........#...........# ##..##....
........#...........# ##..#....
.###................# ##......
.........#..........# ##.###..
.##.................# #......#
.#...#..............# ##.######
.........##.........#####..#
...#.....#########........##


You could see a troll (very poisoned) and an ogre (very poisoned).

Vanquished Creatures
  Sigmund (D:3)
  A wyvern (D:7)
  A sky beast (D:6)
  2 black bears
  An orc warrior (D:6)
  2 ogres
  4 necrophages
  3 phantoms
  A scorpion (D:6)
  4 killer bees (D:7)
  2 bullfrog zombies
  A jelly (D:5)
  3 hounds
  A gnoll shaman (D:7)
  2 orc priests
  3 iguanas
  6 orc wizards
  A hound zombie (D:5)
  6 gnolls
  8 adders
  A shadow imp (D:6)
  6 worms
  3 dart slugs
  26 orcs
  10 ball pythons
  9 endoplasms
  5 giant cockroaches
  5 goblins
  6 hobgoblins
  10 jackals
  7 quokkas
  9 bats
  6 frilled lizards
  4 kobolds
  7 rats
167 creatures vanquished.

Notes
Turn   | Place    | Note
-------+----------+-------------------------------------------
     0 | D:1      | dohliylev the Minotaur Berserker began the quest for the
                  | Orb.
     0 | D:1      | Reached XP level 1. HP: 19/19 MP: 0/0
    47 | D:1      | Found Hish's Magic Scroll Boutique.
    60 | D:1      | Found Imelusch's Weapon Boutique.
   103 | D:1      | Found Giecep's Armour Shop.
   210 | D:1      | Reached XP level 2. HP: 14/27 MP: 1/1
   395 | D:1      | Found Iterghu Zinu's Assorted Antiques.
   588 | D:1      | Reached ** piety under Trog
   839 | D:2      | Reached XP level 3. HP: 22/34 MP: 2/2
   985 | D:2      | Found a faded altar of an unknown god.
  1613 | D:3      | Reached skill level 5 in Fighting
  1634 | D:3      | Reached XP level 4. HP: 37/42 MP: 1/3
  1869 | D:3      | Found a glowing drain.
  1872 | D:3      | Reached XP level 5. HP: 49/49 MP: 4/4
  1878 | D:3      | Reached skill level 5 in Axes
  1891 | Sewer    | Entered a sewer
  2031 | Sewer    | Reached *** piety under Trog
  2441 | D:3      | Noticed Sigmund
  2452 | D:3      | Killed Sigmund
  2453 | D:3      | Reached skill level 1 in Shields
  2453 | D:3      | Reached XP level 6. HP: 58/58 MP: 3/5
  2930 | D:4      | Found a sparkling altar of Nemelex Xobeh.
  3356 | D:4      | Reached XP level 7. HP: 61/64 MP: 6/6
  3698 | D:5      | Entered Level 5 of the Dungeon
  3966 | D:5      | Found a staircase to the Ecumenical Temple.
  4110 | D:5      | Reached XP level 8. HP: 74/74 MP: 7/7
  4381 | Temple   | Entered the Ecumenical Temple
  4624 | D:6      | Reached **** piety under Trog
  4971 | D:6      | Identified the +0 leather armour "Neasite" {-Cast rCorr
                  | SInv Stlth+}
  5057 | D:6      | Reached skill level 10 in Axes
  5242 | D:6      | Reached XP level 9. HP: 83/84 MP: 8/8
  5368 | D:7      | Noticed a troll
  5388 | D:7      | Reached skill level 10 in Fighting
  5397 | D:5      | Slain by a troll

Illustrated notes

Levels and vault maps discovered:
D:1:      scummos_arrival_gate, layout_loops_ring, serial_shops, shop_statue,
          nicolae_shop_behind_doors, shop_fountains,
          nicolae_shop_temple_entry_statues_fountains, minmay_pentomino_t4
D:2:      layout_loops_ring, hellmonk_ecumenical_altar_run_dry
D:3:      layout_loops_ring, portal_sewer_entry_b, st_stairs_8,
          minmay_randomly_rotated_circles, uniq_sigmund
D:4:      layout_loops_ring, amcnicky_altar_gilded, minmay_misc_feat_chi,
          kennysheep_small_spiral
D:5:      layout_basic, minmay_temple_entry_waves
D:6:      layout_gridville
D:7:      layout_loops_ring, serial_shops, shop, grunt_ministairs_12
Temple:   minmay_crystal_spiral_temple

Skill      XL: |  1  2  3  4  5  6  7  8  9 |
---------------+----------------------------+-----
Fighting       | 4 5 6 8 9 10 | 10.0
Axes           | 4 6 7 8 10 | 10.7
Dodging        | 3 4 |  4.2
Shields        | 1 3 |  3.6
Armour         | |  2.4

Action                   |  1- 3 |  4- 6 |  7- 9 || total
-------------------------+-------+-------+-------++-------
Melee: Hand axe          |    80 |   112 |   179 ||   371
       Headbutt          |    14 |    19 |    41 ||    74
Invok: Berserk           |     5 |     4 |     3 ||    12
       Trog's Hand       |       |     2 |     2 ||     4
  Use: Scroll            |     4 |       |       ||     4
       Potion            |       |     3 |       ||     3
 Stab: Sleeping          |     1 |       |       ||     1
Armor: Animal skin       |    13 |       |       ||    13
       Chain mail        |     7 |    74 |    88 ||   169
Dodge: Dodged            |    39 |    48 |    79 ||   166
Block: Kite shield       |     4 |       |       ||     4
       Buckler           |     2 |    15 |    27 ||    44
